 Dungeon Crawl Stone Soup version 0.28.0-43-g3370ac3207 (webtiles) character file.

Game seed: 13320691417079564476

69 nickcage the Cudgeller (level 4, 0/28 HPs)
             Began as a Gargoyle Fighter on Mar 21, 2022.
             Frozen to death by an endoplasm (4 damage)
             ... on level 2 of the Dungeon.
             The game lasted 00:02:31 (1405 turns).

nickcage the Cudgeller (Gargoyle Fighter)           Turns: 1405, Time: 00:02:32

Health: 0/28       AC: 10    Str: 21    XL:     4   Next: 20%
Magic:  4/4        EV:  9    Int:  9    God:
Gold:   31         SH:  4    Dex:  9    Spells: 3/3 levels left

rFire   . . .      SeeInvis .   a - +0 flail
rCold   . . .      Faith    .   c - +0 buckler
rNeg    + . .      Spirit   .   b - +0 scale mail
rPois   ∞          Reflect  .   (no helmet)
rElec   +          Harm     .   (no cloak)
rCorr   .          Rampage  .   (no gloves)
Will    .....                   (no boots)
Stlth   ..........              (no amulet)
HPRegen 0.09/turn               (no ring)
MPRegen 0.09/turn               (no ring)

@: no status effects
A: sickness immunity, AC +3, negative energy resistance 1, electricity
resistance, torment resistance 1, petrification resistance
a: no special abilities


You were on level 2 of the Dungeon.
You visited 1 branch of the dungeon, and saw 2 of its levels.

You collected 31 gold pieces.

Inventory:

Hand Weapons
 a - a +0 flail (weapon)
Missiles
 e - 31 stones (quivered)
Armour
 b - a +0 scale mail (worn)
 c - a +0 buckler (worn)
Scrolls
 f - a scroll of summoning {unknown}
 h - a scroll of teleportation {unknown}
Potions
 d - a potion of might
 g - 2 potions of mutation {unknown}


   Skills:
 - Level 3.2 Fighting
 + Level 4.3 Maces & Flails
 - Level 3.2 Armour
 - Level 3.2 Shields


You had 3 spell levels left.
You didn't know any spells.
Your spell library contained the following spells:

 Spells                   Type           Power      Damage    Failure   Level
 Tukima's Dance           Hex            0%         N/A       99%         3
 Anguish                  Hex/Necr       0%         N/A       100%        4
 Enfeeble                 Hex            0%         N/A       100%        7


Dungeon Overview and Level Annotations

Branches:
Dungeon (2/15)

Altars:


Innate Abilities, Weirdness & Mutations

You are immune to sickness and miasma.
Your stone body is resilient. (AC +3)
You are immune to poison.
You resist negative energy. (rN+)
You are resistant to electric shocks. (rElec)
You are resistant to unholy torment.
You are immune to petrification.


Message History

The endoplasm quivers.
Things that are here:
a +0 hand axe; a +0 ring mail; an orc corpse You barely miss the orc.
The orc hits you with a +0 club. The orc hits you but does no damage.
You closely miss the orc. The orc closely misses you.
You hit the orc but do no damage. The orc hits you with a +0 club.
You are too injured to fight recklessly!
You are too injured to fight recklessly!
You are too injured to fight recklessly!
You are too injured to fight recklessly!
You hit the orc.
The orc is severely wounded.
The orc barely misses you.
You hit the orc.
You kill the orc!
An endoplasm comes into view.
The endoplasm freezes you.
You are frozen.
The endoplasm moves out of view.
You hit the endoplasm.
The endoplasm is lightly wounded.
You block the endoplasm's attack.
You hit the endoplasm but do no damage.
The endoplasm is lightly wounded.
The endoplasm freezes you.
You are frozen.
* * * LOW HITPOINT WARNING * * *
You hit the endoplasm.
The endoplasm is almost dead.
The endoplasm hits you but does no damage.
You completely miss the endoplasm.
The endoplasm is almost dead.
The endoplasm freezes you.
You are frozen.
* * * LOW HITPOINT WARNING * * *
You hit the endoplasm but do no damage.
The endoplasm is almost dead.
The endoplasm freezes you.
You are frozen.
You die...

.....
..#.###
#....
......)
#...#
#.#.###
#..# #.<#
#†.# #..#
#..###.#
#.)@J.#
##.##......
#.. ..#..
### ... ..#
##


You could see an endoplasm.

Vanquished Creatures
  2 gnolls (D:2)
  2 worms (D:2)
  3 orcs (D:2)
  6 bats
  4 endoplasms
  A giant cockroach (D:1)
  2 goblins
  5 hobgoblins
  5 kobolds (D:1)
  2 quokkas (D:1)
  4 ball pythons
  A frilled lizard (D:1)
37 creatures vanquished.

Notes
Turn   | Place    | Note
-------+----------+-------------------------------------------
     0 | D:1      | nickcage the Gargoyle Fighter began the quest for the Orb.
     0 | D:1      | Reached XP level 1. HP: 14/14 MP: 1/1
   143 | D:1      | Reached XP level 2. HP: 19/19 MP: 2/2
   367 | D:1      | Reached skill level 3 in Maces & Flails
   589 | D:1      | Reached XP level 3. HP: 23/23 MP: 3/3
   833 | D:1      | Found a faded altar of an unknown god.
  1069 | D:2      | Reached skill level 4 in Maces & Flails
  1362 | D:2      | Reached XP level 4. HP: 28/28 MP: 4/4
  1405 | D:2      | Frozen to death by an endoplasm

Illustrated notes

Levels and vault maps discovered:
D:1:      sevenhm_arrival_forest_fort_large_4, layout_loops_corners,
          ebering_ecumenical_altar_webs, minmay_close_crescents
D:2:      layout_loops_ring, basic_altar

Skill      XL: |  1  2  3 |
---------------+----------+-----
Maces & Flails | 3 4 |  4.3
Fighting       | |  3.2
Armour         | |  3.2
Shields        | |  3.2

Action                   |  1- 3 |  4- 6 || total
-------------------------+-------+-------++-------
Melee: Flail             |    87 |    17 ||   104
Armor: Scale mail        |    79 |     6 ||    85
Dodge: Dodged            |    50 |     3 ||    53
Block: Buckler           |    13 |     2 ||    15
